PCL
HOUSTON HAMMERTIME @ MEXICO CITY CERVECEROS
06/13/2030
 
TOP OF THE 1ST
Houston Hammertime batting - Pitching for Mexico City Cerveceros : RHP Li-cong Sima
Pitching: RHP Li-cong Sima
Batting: RHB Jorge Barbosa 0-0: Ground out 5-3 (Groundball, 56S)
Batting: RHB Santo Cruz 0-0: TRIPLE (Flyball, 8LXD)
Batting: LHB Francisco Cardenas 0-0: 2-RUN HOME RUN (Flyball, 9LD), Distance : 339 ft
Batting: LHB Marcos Cantú 0-0: Foul Ball, location: 2F
0-1: Called Strike
0-2: Strikes out swinging
Batting: RHB Carlos García 0-0: Called Strike
0-1: Called Strike
0-2: Foul Ball, location: 2F
0-2: SINGLE (Line Drive, 78S)
Batting: SHB Glenn Vadnais 0-0: Ball
Carlos García steals 2nd base
1-0: Ball
2-0: Ball
3-0: Ground out 6-3 (Groundball, 56)
Top of the 1st over - 2 runs, 3 hits, 0 errors, 1 left on base; Houston 2 - Mexico City 0
BOTTOM OF THE 1ST
Mexico City Cerveceros batting - Pitching for Houston Hammertime : LHP Martin White
Pitching: LHP Martin White
Batting: RHB Juan Estrada 0-0: Ball
1-0: Ball
2-0: Ball
3-0: Called Strike
3-1: Base on Balls
Batting: RHB Robinson Pacheco 0-0: Fly out, F7 (Flyball, 78D)
Batting: RHB Juan Brieno 0-0: Called Strike
0-1: Foul Ball, location: 2F
0-2: Ball
1-2: Fielders Choice at 2nd, 6-4 (Groundball, 56D)
Batting: RHB Henning Huisman 0-0: Called Strike
0-1: Ball
1-1: Foul Ball, location: 2F
1-2: Ground out 6-3 (Groundball, 6S)
Bottom of the 1st over - 0 runs, 0 hits, 0 errors, 1 left on base; Houston 2 - Mexico City 0
TOP OF THE 2ND
Houston Hammertime batting - Pitching for Mexico City Cerveceros : RHP Li-cong Sima
Batting: RHB Raúl Salas 0-0: Ball
1-0: Ball
2-0: Ball
3-0: Called Strike
3-1: Called Strike
3-2: SOLO HOME RUN (Flyball, 7D), Distance : 343 ft
Batting: RHB Juan Carlos 0-0: Ball
1-0: Foul Ball, location: 2F
1-1: Foul Ball, location: 2F
1-2: Strikes out swinging
Batting: LHB David Adams 0-0: Ground out 5-3 (Groundball, 56)
Batting: RHB Jorge Barbosa 0-0: Called Strike
0-1: Ball
1-1: Ball
2-1: Fly out, F7 (Flyball, 7S)
Top of the 2nd over - 1 run, 1 hit, 0 errors, 0 left on base; Houston 3 - Mexico City 0
BOTTOM OF THE 2ND
Mexico City Cerveceros batting - Pitching for Houston Hammertime : LHP Martin White
Batting: LHB Dan Hamilton 0-0: Ball
1-0: Foul Ball, location: 2F
1-1: Swinging Strike
1-2: Strikes out swinging
Batting: RHB Lee Price 0-0: Ball
1-0: Foul Ball, location: 2F
1-1: Ball
2-1: Called Strike
2-2: Fly out, F7 (Flyball, 7S)
Batting: LHB John Bond 0-0: Called Strike
0-1: Ball
1-1: Ball
2-1: Ball
3-1: Foul Ball, location: 2F
3-2: Foul Ball, location: 2F
3-2: Foul Ball, location: 2F
3-2: Foul Ball, location: 2F
3-2: Base on Balls
Batting: RHB Esteban Concepción 0-0: Called Strike
0-1: DOUBLE (Groundball, 5L)
John Bond to third
Runner from 3rd tries for Home, SAFE, throw made at trailing runner, OUT at third!
Bottom of the 2nd over - 1 run, 1 hit, 0 errors, 0 left on base; Houston 3 - Mexico City 1
TOP OF THE 3RD
Houston Hammertime batting - Pitching for Mexico City Cerveceros : RHP Li-cong Sima
Batting: RHB Santo Cruz 0-0: Called Strike
0-1: Foul Ball, location: 2F
0-2: Strikes out looking
Batting: LHB Francisco Cardenas 0-0: Foul Ball, location: 2F
0-1: Ball
1-1: Ball
2-1: Ground out U3 (Groundball, 3)
Batting: LHB Marcos Cantú 0-0: Ball
1-0: Foul Ball, location: 2F
1-1: Ball
2-1: Ball
3-1: Base on Balls
Batting: RHB Carlos García 0-0: Foul Ball, location: 2F
0-1: Swinging Strike
0-2: Foul Ball, location: 2F
0-2: Ball
1-2: Foul Ball, location: 2F
1-2: Strikes out looking
Top of the 3rd over - 0 runs, 0 hits, 0 errors, 1 left on base; Houston 3 - Mexico City 1
BOTTOM OF THE 3RD
Mexico City Cerveceros batting - Pitching for Houston Hammertime : LHP Martin White
Batting: RHB Rick Ayliffe 0-0: Ground out 5-3 (Groundball, 25)
Batting: RHB Juan Estrada 0-0: SOLO HOME RUN (Flyball, 7D), Distance : 359 ft
Batting: RHB Robinson Pacheco 0-0: Called Strike
0-1: Ball
1-1: Swinging Strike
1-2: Strikes out swinging
Batting: RHB Juan Brieno 0-0: Foul Ball, location: 2F
0-1: Ball
1-1: Ball
2-1: SINGLE (Groundball, 34D)
Batting: RHB Henning Huisman 0-0: Called Strike
0-1: DOUBLE (Groundball, 5L)
Juan Brieno to third
Runner from 3rd tries for Home, SAFE, no throw
Batting: LHB Dan Hamilton 0-0: Ball
1-0: Called Strike
1-1: Ball
2-1: Foul Ball, location: 2F
2-2: Fly out, F9 (Flyball, 89D)
Bottom of the 3rd over - 2 runs, 3 hits, 0 errors, 1 left on base; Houston 3 - Mexico City 3
TOP OF THE 4TH
Houston Hammertime batting - Pitching for Mexico City Cerveceros : RHP Li-cong Sima
Batting: SHB Glenn Vadnais 0-0: Ball
1-0: Ball
2-0: Foul Ball, location: 2F
2-1: SOLO HOME RUN (Flyball, 9LD), Distance : 339 ft
Batting: RHB Raúl Salas 0-0: Ball
1-0: Ball
2-0: Swinging Strike
2-1: Ball
3-1: Ground out 5-3 (Groundball, 56)
Batting: RHB Juan Carlos 0-0: Swinging Strike
0-1: DOUBLE (Groundball, 5L)
Batting: LHB David Adams 0-0: Foul Ball, location: 2F
0-1: Foul Ball, location: 2F
0-2: Ball
1-2: Ground out 4-3 (Groundball, 34D)
Juan Carlos to third
Batting: RHB Jorge Barbosa 0-0: Called Strike
0-1: Swinging Strike
0-2: Strikes out swinging
Top of the 4th over - 1 run, 2 hits, 0 errors, 1 left on base; Houston 4 - Mexico City 3
BOTTOM OF THE 4TH
Mexico City Cerveceros batting - Pitching for Houston Hammertime : LHP Martin White
Batting: RHB Lee Price 0-0: Ball
1-0: Called Strike
1-1: Ground out 5-3 (Groundball, 56)
Batting: LHB John Bond 0-0: Ground out 4-3 (Groundball, 4)
Batting: RHB Esteban Concepción 0-0: Called Strike
0-1: Swinging Strike
0-2: Strikes out looking
Bottom of the 4th over - 0 runs, 0 hits, 0 errors, 0 left on base; Houston 4 - Mexico City 3
TOP OF THE 5TH
Houston Hammertime batting - Pitching for Mexico City Cerveceros : RHP Li-cong Sima
Batting: RHB Santo Cruz 0-0: Ball
1-0: Ball
2-0: Ball
3-0: Base on Balls
Batting: LHB Francisco Cardenas 0-0: Foul Ball, location: 2F
0-1: Swinging Strike
0-2: Ball
1-2: Strikes out swinging
Batting: LHB Marcos Cantú 0-0: Called Strike
0-1: Ball
1-1: Foul Ball, location: 2F
1-2: Ball
2-2: Grounds into double play, 4-6-3 (Groundball, 4)
Top of the 5th over - 0 runs, 0 hits, 0 errors, 0 left on base; Houston 4 - Mexico City 3
BOTTOM OF THE 5TH
Mexico City Cerveceros batting - Pitching for Houston Hammertime : LHP Martin White
Batting: RHB Rick Ayliffe 0-0: Ball
1-0: Ball
2-0: Called Strike
2-1: Ball
3-1: Foul Ball, location: 2F
3-2: Foul Ball, location: 2F
3-2: SINGLE (Flyball, 8RS)
Batting: RHB Juan Estrada 0-0: Called Strike
0-1: SINGLE (Line Drive, 8LS)
Rick Ayliffe to second
Batting: RHB Robinson Pacheco 0-0: Ball
1-0: Swinging Strike
1-1: SINGLE (Line Drive, 56)
Rick Ayliffe to third
Juan Estrada to second
Batting: RHB Juan Brieno 0-0: Foul Ball, location: 2F
0-1: Called Strike
0-2: GRAND SLAM HOME RUN (Flyball, 7D), Distance : 350 ft
Batting: RHB Henning Huisman 0-0: Ball
1-0: Ground out 5-3 (Groundball, 56)
Batting: LHB Dan Hamilton 0-0: Ball
1-0: Ball
2-0: Foul Ball, location: 2F
2-1: SINGLE (Groundball, 4MD)
Pitching: LHP Javier Galeas
Batting: RHB Lee Price 0-0: Ball
1-0: Ball
2-0: 2-RUN HOME RUN (Flyball, 7D), Distance : 343 ft
Batting: LHB John Bond 0-0: Ground out 5-3 (Groundball, 5)
Batting: RHB Esteban Concepción 0-0: Called Strike
0-1: Ball
1-1: Ball
2-1: Fly out, F9 (Flyball, 89D)
Bottom of the 5th over - 6 runs, 6 hits, 0 errors, 0 left on base; Houston 4 - Mexico City 9
TOP OF THE 6TH
Houston Hammertime batting - Pitching for Mexico City Cerveceros : RHP Li-cong Sima
Batting: RHB Carlos García 0-0: Ball
1-0: Foul Ball, location: 2F
1-1: Foul Ball, location: 2F
1-2: Ball
2-2: Foul Ball, location: 2F
2-2: Ground out U3 (Groundball, 3)
Batting: SHB Glenn Vadnais 0-0: Called Strike
0-1: Swinging Strike
0-2: Strikes out swinging
Batting: RHB Raúl Salas 0-0: Ball
1-0: Ball
2-0: Ball
3-0: Called Strike
3-1: Base on Balls
Batting: RHB Juan Carlos 0-0: Foul Ball, location: 2F
0-1: Ball
1-1: Ball
2-1: Foul Ball, location: 2F
2-2: Foul Ball, location: 2F
2-2: Foul Ball, location: 2F
2-2: Hit by Pitch
Raúl Salas to second
Batting: LHB David Adams 0-0: Called Strike
0-1: Foul Ball, location: 2F
0-2: Ball
1-2: SINGLE (Groundball, 4MD)
Raúl Salas to third
Juan Carlos to second
Batting: RHB Jorge Barbosa 0-0: Ball
1-0: SINGLE (Groundball, 34D)
Raúl Salas scores
Juan Carlos to third
David Adams to second
Runner from 3rd tries for Home, SAFE, throw made home
Pitching: RHP George Lockhart
Batting: RHB Santo Cruz 0-0: Ball
1-0: Swinging Strike
1-1: Foul Ball, location: 2F
1-2: Strikes out swinging
Top of the 6th over - 2 runs, 2 hits, 0 errors, 2 left on base; Houston 6 - Mexico City 9
BOTTOM OF THE 6TH
Mexico City Cerveceros batting - Pitching for Houston Hammertime : LHP Javier Galeas
Batting: RHB Rick Ayliffe 0-0: Ball
1-0: Ball
2-0: Swinging Strike
2-1: SINGLE (Groundball, 34D)
Batting: RHB Juan Estrada 0-0: Called Strike
0-1: Ball
1-1: Fly out, F9 (Flyball, 9S)
Batting: RHB Robinson Pacheco 0-0: Ball
1-0: Ball
2-0: Ball
3-0: Base on Balls
Rick Ayliffe to second
Batting: RHB Juan Brieno 0-0: Ball
1-0: Called Strike
1-1: Called Strike
1-2: Foul Ball, location: 2F
1-2: Ball
2-2: Ball
3-2: Foul Ball, location: 2F
3-2: Strikes out looking
Batting: RHB Henning Huisman 0-0: Ball
1-0: Foul Ball, location: 2F
1-1: Foul Ball, location: 2F
1-2: Strikes out swinging
Bottom of the 6th over - 0 runs, 1 hit, 0 errors, 2 left on base; Houston 6 - Mexico City 9
TOP OF THE 7TH
Houston Hammertime batting - Pitching for Mexico City Cerveceros : RHP George Lockhart
Batting: LHB Francisco Cardenas 0-0: Foul Ball, location: 2F
0-1: Fly out, F9 (Line Drive, 89M)
Batting: LHB Marcos Cantú 0-0: Called Strike
0-1: Foul Ball, location: 2F
0-2: Foul Ball, location: 2F
0-2: Ball
1-2: Strikes out looking
Batting: RHB Carlos García 0-0: Ball
1-0: Foul Ball, location: 2F
1-1: Ball
2-1: Foul Ball, location: 2F
2-2: Strikes out swinging
Top of the 7th over - 0 runs, 0 hits, 0 errors, 0 left on base; Houston 6 - Mexico City 9
BOTTOM OF THE 7TH
Mexico City Cerveceros batting - Pitching for Houston Hammertime : LHP Javier Galeas
Batting: LHB Dan Hamilton 0-0: Ball
1-0: Swinging Strike
1-1: Ground out 4-3 (Groundball, 4)
Batting: RHB Lee Price 0-0: Ball
1-0: Called Strike
1-1: Called Strike
1-2: Ball
2-2: Ball
3-2: Fly out, F9 (Flyball, 9)
Batting: LHB John Bond 0-0: Ball
1-0: SINGLE (Groundball, 6MD)
Batting: RHB Esteban Concepción 0-0: Called Strike
0-1: Ball
1-1: Ball
2-1: Swinging Strike
2-2: Strikes out looking
Bottom of the 7th over - 0 runs, 1 hit, 0 errors, 1 left on base; Houston 6 - Mexico City 9
TOP OF THE 8TH
Houston Hammertime batting - Pitching for Mexico City Cerveceros : RHP George Lockhart
Batting: SHB Glenn Vadnais 0-0: Ball
1-0: Called Strike
1-1: Called Strike
1-2: Ball
2-2: Ball
3-2: SINGLE (Groundball, 34D)
Batting: RHB Raúl Salas 0-0: Ball
1-0: SINGLE (Groundball, 4MD)
Glenn Vadnais to second
Batting: RHB Juan Carlos 0-0: Ball
1-0: Ball
2-0: Ball
Wild Pitch!
Glenn Vadnais to third
Raúl Salas to second
3-0: Called Strike
3-1: Called Strike
3-2: Base on Balls
Batting: LHB David Adams 0-0: Called Strike
0-1: Fielders Choice at 2nd, 4-6 (Groundball, 4)
Glenn Vadnais scores
Raúl Salas to third
Batting: RHB Jorge Barbosa 0-0: Swinging Strike
0-1: Ball
1-1: Ball
2-1: Grounds into double play, 6-4-3 (Groundball, 6)
Top of the 8th over - 1 run, 2 hits, 0 errors, 1 left on base; Houston 7 - Mexico City 9
BOTTOM OF THE 8TH
Mexico City Cerveceros batting - Pitching for Houston Hammertime : LHP Javier Galeas
Batting: RHB Rick Ayliffe 0-0: Called Strike
0-1: Foul Ball, location: 2F
0-2: SINGLE (Line Drive, 3D)
Batting: RHB Juan Estrada 0-0: Ball
1-0: Ball
2-0: Called Strike
2-1: Ball
3-1: SINGLE (Line Drive, 6M)
Rick Ayliffe to second
Batting: RHB Robinson Pacheco 0-0: Ball
1-0: Sac Bunt - play at first, batter OUT! 3-4
Rick Ayliffe to third
Juan Estrada to second
Batting: RHB Juan Brieno 0-0: Intentional Walk
Batting: RHB Henning Huisman 0-0: Ball
1-0: Called Strike
1-1: Ball
2-1: Ball
3-1: Base on Balls
Rick Ayliffe scores
Juan Estrada to third
Juan Brieno to second
Pitching: LHP Mark Stewart
Pinch Hitting: RHB Ray Ervin 0-0: Called Strike
0-1: SINGLE (Groundball, 56D)
Juan Estrada scores
Juan Brieno to third
Henning Huisman to second
Runner from 3rd tries for Home, SAFE, no throw
Batting: RHB Lee Price 0-0: Called Strike
0-1: Ball
1-1: Foul Ball, location: 2F
1-2: SINGLE (Line Drive, 6M)
Henning Huisman to third
Ray Ervin to second
Batting: LHB John Bond 0-0: Called Strike
0-1: Ball
1-1: Ball
2-1: Ball
3-1: Grounds into double play, 5-2-3 (Groundball, 56S)
Bottom of the 8th over - 3 runs, 4 hits, 0 errors, 2 left on base; Houston 7 - Mexico City 12
TOP OF THE 9TH
Houston Hammertime batting - Pitching for Mexico City Cerveceros : RHP George Lockhart
Now at 2B: Gerald Johnson
Now at 3B: Gary Kern
Now at SS: Tim Adkins
Batting: RHB Santo Cruz 0-0: Called Strike
0-1: Swinging Strike
0-2: Ball
1-2: Ball
2-2: Ball
3-2: SINGLE (Line Drive, 8RS)
Batting: LHB Francisco Cardenas 0-0: Ball
1-0: SINGLE (Groundball, 4MD)
Santo Cruz to second
Batting: LHB Marcos Cantú 0-0: Ball
1-0: Grounds into double play, 5-4-3 (Groundball, 56)
Santo Cruz to third
Batting: RHB Carlos García 0-0: Ball
1-0: Called Strike
1-1: Called Strike
1-2: Strikes out swinging
Top of the 9th over - 0 runs, 2 hits, 0 errors, 1 left on base; Houston 7 - Mexico City 12
Saturday, April 7th, 2018 - OOTP Baseball 18.8 Build 76